 Dungeon Crawl Stone Soup version 0.30-a0-341-g682706514a (webtiles) character file.

Game seed: 17250501834866895493

89 Engwar the Conjurer (level 4, 0/33 HPs)
             Began as a Draconian Conjurer on Nov 2, 2022.
             Succumbed to their own poison gas
             ... on level 3 of the Dungeon.
             The game lasted 00:08:50 (3287 turns).

Engwar the Conjurer (Draconian Conjurer)            Turns: 3287, Time: 00:08:51

Health: 0/33       AC:  6    Str: 10    XL:     4   Next: 31%
Magic:  1/8        EV: 12    Int: 20    God:
Gold:   118        SH:  0    Dex:  9    Spells: 2/8 levels left

rFire   . . .      SeeInvis .    i - +0 whip
rCold   . . .      Faith    .    (no shield)
rNeg    . . .      Spirit   .    (body armour unavailable)
rPois   .          Reflect  .    (helmet restricted)
rElec   .          Harm     .    j - +0 cloak
rCorr   .          Rampage  .    (no gloves)
Will    .....                    (no boots)
Stlth   ++........               (no amulet)
HPRegen 0.25/turn                (no ring)
MPRegen 0.11/turn                (no ring)

@: lethally poisoned (0 -> -5)
A: AC +5, unfitting armour, cold-blooded
a: no special abilities


You were on level 3 of the Dungeon.
You visited 1 branch of the dungeon, and saw 3 of its levels.

You collected 118 gold pieces.

Inventory:

Hand Weapons
 i - a +0 whip (weapon)
Missiles
 d - 15 poisoned darts
 f - 2 boomerangs
 n - 6 datura-tipped darts
Armour
 j - a +0 cloak (worn)
Scrolls
 b - a scroll of identify
 e - 2 scrolls of torment
Potions
 a - a potion of magic
 c - a potion of berserk rage
 k - a potion of curing
 m - a potion of cancellation
 o - a potion of experience {unknown}


   Skills:
 - Level 1.7 Dodging
 - Level 1.7 Stealth
 + Level 2.9 Spellcasting
 * Level 5.3 Conjurations


You had 2 spell levels left.
You knew the following spells:

 Your Spells              Type           Power      Damage    Failure   Level
a - Magic Dart            Conj           96%        1d7       1%          1
b - Searing Ray           Conj           48%        2d6       2%          2
c - Dazzling Flash        Conj/Hex       26%        N/A       14%         3

Your spell library contained the following spells:

 Spells                   Type           Power      Damage    Failure   Level
 Call Imp                 Summ           2%         N/A       22%         2
 Mephitic Cloud           Conj/Pois/Air  10%        N/A       21%         3
 Fulminant Prism          Conj/Hex       6%         3d7       43%         4
 Iskenderun's Mystic Bla  Conj/Tloc      13%        2d5       43%         4


Dungeon Overview and Level Annotations

Branches:
Dungeon (3/15)

Altars:

Annotations:
D:3 2 transporters, Terence


Innate Abilities, Weirdness & Mutations

Your plain brown scales are hard. (AC +5)
You cannot fit into any form of body armour.
You are cold-blooded and may be slowed by cold attacks.


Message History

Casting: Searing Ray (safe; 2% risk of failure)
Confirm with . or Enter, or press ? or * to list all spells.
Restarting spell: Searing Ray (safe; 2% risk of failure)
Press: ? - help, Shift-Dir - straight line, f/p - Terence
Aim: Terence, wielding a +0 trident and wearing a +0 scale mail (lightly wounded, berserk, blind, 82% to hit)
The searing ray hits Terence but does no damage.
Terence is lightly wounded. (Press . to maintain the ray.) Terence hits you from afar with a +0 trident!
Casting: Searing Ray (safe; 2% risk of failure)
Confirm with . or Enter, or press ? or * to list all spells.
Aiming: Magic Dart (safe; 1% risk of failure)
Press: ? - help, Shift-Dir - straight line, f/p - Terence
Aim: Terence, wielding a +0 trident and wearing a +0 scale mail (lightly wounded, berserk, blind, 100% to hit)
The magic dart hits Terence but does no damage.
Terence is lightly wounded.
Terence hits you from afar with a +0 trident.
Terence closely misses you.
Casting: Magic Dart (safe; 1% risk of failure)
Confirm with . or Enter, or press ? or * to list all spells.
You don't have enough magic to cast this spell.
Unknown command.
Really walk into that cloud of poison gas? [Y]es or [N]o only, please.
Really walk into that cloud of poison gas?
You are engulfed in poison gas.
You are poisoned.
You feel very sick.
Terence is no longer blind.
You feel very sick.
You hear a shout! x2
Terence attacks as you move away! Terence hits you with a +0 trident!
* * * LOW HITPOINT WARNING * * *
You feel very sick. Terence closely misses you.
* * * LOW HITPOINT WARNING * * *
You feel sick.
Terence hits you from afar with a +0 trident.
* * * LOW HITPOINT WARNING * * *
You hear an angry hiss.
You die...

,,,*,,,,,..#.#,#.#.#.#.#.#.#.#.#.
,,,+,****##.#.#.#.#.#.#.#.#.#.#..
,,,*,,,.##.#@#.#.#.#.#.#.#.#.#<#.
,,,,,,,,..#.#.#.#.#.#.#.#.#.#.#..
,,,******#.#.#.#.#.#.#.#.#.#.#.#.
,,,* ##.#@#.#.#.#.#.#.#.#.#..
**** #.#.#.#.#.#.#.#.#.#.#.#.
##.#.#.#.#.#.#.#.#.#.#..
#.#.#.#@#.#S#.#.#.#.#.#.
##.#.#.#.#.#.#.#.#.#.#..
#.#.#.#.#.#.#.#.#.#.#.#.
##.#.#.#.#.#.#.#.#.#.#..
#.#.#.#.#.#.#.#.#.#.#.#.
#####.####.)..#..######.
#.#######.#.........
#......).>..........
########.###########


You could see Terence (berserk, poisoned).

Vanquished Creatures
  Ijyb (D:3)
  An adder (D:2)
  2 dart slugs (D:1)
  An orc (D:3)
  7 ball pythons
  6 endoplasms
  A giant cockroach (D:1)
  2 goblins (D:1)
  4 hobgoblins
  4 jackals (D:1)
  3 kobolds
  2 quokkas (D:1)
  4 bats
  2 frilled lizards (D:1)
  4 rats
44 creatures vanquished.

Notes
Turn   | Place    | Note
-------+----------+-------------------------------------------
     0 | D:1      | Engwar the Draconian Conjurer began the quest for the Orb.
     0 | D:1      | Reached XP level 1. HP: 14/14 MP: 3/3
   221 | D:1      | Reached XP level 2. HP: 20/20 MP: 1/5
   224 | D:1      | Learned a level 2 spell: Searing Ray
  1061 | D:1      | Reached XP level 3. HP: 26/26 MP: 0/6
  1065 | D:1      | Learned a level 3 spell: Dazzling Flash
  1746 | D:2      | Reached skill level 5 in Conjurations
  2115 | D:2      | Identified the +1 robe of Stoicism {Fly rElec rF- rCorr}
  2790 | D:3      | Noticed Ijyb
  2794 | D:3      | Paralysed by Ijyb for 3 turns
  2803 | D:3      | Paralysed by Ijyb for 4 turns
  2838 | D:3      | Killed Ijyb
  2839 | D:3      | Reached XP level 4. HP: 23/33 MP: 1/8
  2942 | D:3      | Found a transporter.
  2957 | D:3      | Found a transporter.
  3174 | D:3      | Noticed Terence
  3286 | D:3      | HP: 1/33 [Terence/+0 trident (4)]
  3287 | D:3      | Succumbed to their own poison gas

Illustrated notes

Levels and vault maps discovered:
D:1:      lightli_arrival_windingriver, layout_basic, minmay_vboxes
D:2:      layout_loops_corners
D:3:      gammafunk_steamed_eel, layout_basic,
          hellmonk_ecumenical_altar_inner_sanctum, uniq_terence, uniq_jessica,
          uniq_ijyb

Skill      XL: |  1  2  3 |
---------------+----------+-----
Conjurations   | 5 |  5.3
Dodging        | |  1.7
Stealth        | |  1.7
Spellcasting   | |  2.9

Action                   |  1- 3 |  4- 6 || total
-------------------------+-------+-------++-------
Melee: Unarmed           |    36 |       ||    36
       Tailslap          |     7 |       ||     7
       Dagger            |     7 |       ||     7
       Whip              |    28 |     2 ||    30
 Cast: Magic Dart        |    77 |    12 ||    89
       Searing Ray       |     2 |     2 ||     4
       Dazzling Flash    |       |     1 ||     1
  Use: Scroll            |     9 |     2 ||    11
Armor: Skin              |    27 |     1 ||    28
Dodge: Dodged            |    59 |     6 ||    65

Table legend: (Time is in decaauts)
 A = Elapsed time spent in this place.
 B = Non-inter-level travel time spent in this place.
 C = Inter-level travel time spent in this place.
 D = Time resting spent in this place.
 E = Time spent auto-exploring this place.
 F = Levels seen in this place.
 G = Mean time per level.
                   A        B        C        D        E       F      G
               +--------+--------+--------+--------+--------+-----+--------+
         Total |   3289 |   3233 |     56 |    508 |   2242 |   3 | 1096.3 |
       Dungeon |   3289 |   3233 |     56 |    508 |   2242 |   3 | 1096.3 |
               +--------+--------+--------+--------+--------+-----+--------+

Top non-repeatable levels by time:
     D:1: 1439 daAuts
     D:2: 997 daAuts
     D:3: 852 daAuts
